 Dungeon Crawl Stone Soup version 0.30-a0-29-g142975f185 (webtiles) character file.

Game seed: 5515861484370965316

423 runemasterragnar the Changer (level 6, -2/76 HPs)
             Began as a Draconian Transmuter on Aug 26, 2022.
             Killed from afar by an orc wizard (11 damage)
             ... with a magic dart
             ... on level 4 of the Dungeon.
             The game lasted 00:06:25 (4140 turns).

runemasterragnar the Changer (Draconian Transmuter) Turns: 4140, Time: 00:06:25

Health: -2/76      AC:  6    Str: 13    XL:     6   Next: 63%
Magic:  9/10       EV: 20    Int: 15    God:
Gold:   164        SH:  0    Dex: 16    Spells: 5/11 levels left

rFire   . . .      SeeInvis .      - Unarmed
rCold   . . .      Faith    .    (shield currently unavailable)
rNeg    . . .      Spirit   .    (body armour unavailable)
rPois   x          Reflect  .    (helmet currently unavailable)
rElec   .          Harm     .    (cloak currently unavailable)
rCorr   .          Rampage  .    (gloves currently unavailable)
Will    .....                    (boots currently unavailable)
Stlth   ..........               (no amulet)
HPRegen 0.22/turn                l - +4 ring of protection
MPRegen 0.12/turn                (no ring)

@: berserking, spider-form (expiring), very quick
A: venomous fangs, AC +6, tiny, unfitting armour, (cold-blooded)
a: End Transformation


You were on level 4 of the Dungeon.
You were a venomous arachnid creature.
You visited 1 branch of the dungeon, and saw 5 of its levels.

You collected 164 gold pieces.

Inventory:

Jewellery
 l - a +4 ring of protection (left front leg)
Wands
 n - a wand of polymorph (15)
Scrolls
 b - a scroll of blinking
 d - 2 scrolls of fear {unknown}
 g - 3 scrolls of teleportation
 h - a scroll of magic mapping {unknown}
 k - a scroll of amnesia {unknown}
 o - a scroll of immolation {unknown}
 r - a scroll of identify
Potions
 a - a potion of lignification
 c - a potion of ambrosia {unknown}
 e - a potion of flight
 f - a potion of might
 j - 2 potions of curing
 m - a potion of cancellation
 p - 2 potions of heal wounds {unknown}
 q - a potion of degeneration {unknown}


   Skills:
 + Level 3.1 Fighting
 + Level 3.0 Dodging
 + Level 4.0 Unarmed Combat
 + Level 3.1 Spellcasting
 * Level 4.4 Transmutations


You had 5 spell levels left.
You knew the following spells:

 Your Spells              Type           Power      Damage    Failure   Level
a - Beastly Appendage     Tmut           30%        N/A       11%         1
b - Wereblood             Tmut           15%        N/A       14%         2
c - Spider Form           Tmut/Pois      9%         N/A       45%         3

Your spell library contained the following spells:

 Spells                   Type           Power      Damage    Failure   Level
 Necrotise                Necr           8%         1d4       41%         1
 Vampiric Draining        Necr           2%         2d6       73%         3
 Ice Form                 Ice/Tmut       9%         N/A       80%         4
 Agony                    Necr           2%         N/A       100%        5


Dungeon Overview and Level Annotations

Branches:
Dungeon (5/15)
 Temple: D:4-7

Altars:

Annotations:
D:5 Edmund


Innate Abilities, Weirdness & Mutations

You are a venomous arachnid creature.
You have poisonous fangs.
You are tiny and dextrous.
Your spellcasting is less reliable in this form.
Your armour is entirely melded.
You are incapable of wielding weapons or throwing items.
((Your plain brown scales are hard. (AC +6)))
You cannot fit into any form of body armour.
((You are cold-blooded and may be slowed by cold attacks.))


Message History

You hit the orc warrior.
The orc warrior is lightly wounded.
The orc warrior barely misses you. The orc wizard misses you.
You completely miss the orc warrior.
The orc warrior is lightly wounded.
The orc warrior hits you with a +0 mace!
The orc wizard hits you but does no damage.
You hit the orc warrior but do no damage.
The orc warrior looks as sick as possible!
The orc warrior is moderately wounded.
The orc warrior barely misses you. The orc wizard completely misses you.
You bite the orc warrior!
The orc warrior looks as sick as possible!
The orc warrior is heavily wounded.
The orc warrior hits you with a +0 mace!
* * * LOW HITPOINT WARNING * * *
The orc wizard misses you.
Your transformation is almost over.
The orc warrior attacks as you move away!
The orc warrior hits you with a +0 mace.
* * * LOW HITPOINT WARNING * * *
You hit the orc warrior but do no damage.
The orc warrior looks as sick as possible!
The orc warrior is almost dead.
The orc warrior misses you.
You kill the orc warrior!
Your Fighting skill increases to level 3!
Your Dodging skill increases to level 3!
Your Unarmed Combat skill increases to level 4!
It was a potion of berserk rage.
A red film seems to cover your vision as you go berserk!
You feel yourself moving faster!
You feel mighty!
You feel a strong urge to attack something.
Things that are here:
a +0 mace; a +0 plate armour of willpower; an orc corpse You bite the orc!
You kill the orc!
The orc wizard gestures at you while chanting.
The magic dart hits you!
You die...

###..........#.....).......#
##...##### #.............#
###.## #...........).# #..##
#####.........# ##..###
####..#########
##...###....##
#####o..>.####
#......#)#######
#.####.#os.....#
#.#..#.#######[# #.#..#.#
#.#..#.# ### #....#.. ..#
####.### #.#########.#
#.........#.# #####.......#


You could see an orc wizard.

Vanquished Creatures
  An orc warrior (D:4)
  An ogre (D:4)
  An orc priest (D:3)
  A hound (D:3)
  An iguana (D:4)
  An orc wizard (D:4)
  7 adders
  2 worms
  3 dart slugs
  6 orcs
  4 ball pythons
  6 bats
  3 endoplasms
  3 giant cockroaches
  4 goblins (D:1)
  8 hobgoblins
  7 kobolds
  A quokka (D:3)
  8 frilled lizards
  8 rats
76 creatures vanquished.

Notes
Turn   | Place    | Note
-------+----------+-------------------------------------------
     0 | D:1      | runemasterragnar the Draconian Transmuter began the quest
                  | for the Orb.
     0 | D:1      | Reached XP level 1. HP: 16/16 MP: 3/3
   135 | D:1      | Reached XP level 2. HP: 23/23 MP: 3/5
   968 | D:2      | Reached XP level 3. HP: 18/28 MP: 2/6
  1356 | D:2      | You fall into a shaft and drop 2 floors!
  1492 | D:4      | Noticed an ogre
  1716 | D:3      | Reached XP level 4. HP: 26/36 MP: 7/7
  2161 | D:4      | Learned a level 2 spell: Wereblood
  2165 | D:4      | Learned a level 3 spell: Spider Form
  2187 | D:4      | Noticed an orc warrior
  2199 | D:5      | Entered Level 5 of the Dungeon
  2199 | D:5      | Noticed Edmund
  2199 | D:5      | Noticed an ogre
  2199 | D:5      | Noticed an ice beast
  2527 | D:3      | Reached XP level 5. HP: 41/41 MP: 4/8
  3843 | D:4      | Noticed an ogre
  3850 | D:4      | Killed an ogre
  3851 | D:4      | Reached XP level 6. HP: 20/50 MP: 6/10
  4136 | D:4      | Killed an orc warrior
  4140 | D:4      | Killed from afar by an orc wizard

Illustrated notes

Levels and vault maps discovered:
D:1:      denvon_arrival_waterhouse, layout_basic, kennysheep_small_spiral
D:2:      minmay_inner_zag, layout_basic, serial_bayou_pond_e, hex_large
D:3:      layout_basic, minmay_pentomino_pile
D:4:      layout_basic
D:5:      layout_basic, uniq_duvessa, uniq_edmund, uniq_grinder

Skill      XL: |  1  2  3  4  5  6 |
---------------+-------------------+-----
Dodging        | 2 3 |  3.0
Transmutations | 3 4 |  4.4
Fighting       | 2 3 |  3.1
Spellcasting   | 3 |  3.1
Unarmed Combat | 4 |  4.0

Action                   |  1- 3 |  4- 6 || total
-------------------------+-------+-------++-------
Melee: Unarmed           |   103 |   106 ||   209
       Kick              |    21 |    15 ||    36
       Headbutt          |    13 |     5 ||    18
       Tailslap          |    10 |     6 ||    16
       Punch             |       |     1 ||     1
 Cast: Beastly Appendage |    29 |    20 ||    49
       Spider Form       |       |    11 ||    11
  Use: Scroll            |       |     6 ||     6
       Potion            |       |     1 ||     1
Armor: Skin              |    39 |    23 ||    62
Dodge: Dodged            |    58 |    83 ||   141

Table legend: (Time is in decaauts)
 A = Elapsed time spent in this place.
 B = Non-inter-level travel time spent in this place.
 C = Inter-level travel time spent in this place.
 D = Time resting spent in this place.
 E = Time spent auto-exploring this place.
 F = Levels seen in this place.
 G = Mean time per level.
                   A        B        C        D        E       F      G
               +--------+--------+--------+--------+--------+-----+--------+
         Total |   4127 |   3932 |    195 |     36 |   3265 |   5 |  825.4 |
       Dungeon |   4127 |   3932 |    195 |     36 |   3265 |   5 |  825.4 |
               +--------+--------+--------+--------+--------+-----+--------+

Top non-repeatable levels by time:
     D:2: 1231 daAuts
     D:4: 971 daAuts
     D:3: 961 daAuts
     D:1: 959 daAuts
     D:5: 3 daAuts
